Senators vs Capitals

Created - February 22, 2017 at 17:36

Goals
1 2 3 T
Senators 0 2 3 5
Capitals 0 1 2 3
Shots
1 2 3 T
Senators 5 7 8 20
Capitals 4 14 7 25

1st period

No Goal

Penalties :
Viktor Stalberg (WSH) for Hooking (Minor) at 7:41, Mike Green (WSH) for Holding (Minor) at 11:42, Ryan McDonagh (WSH) for Hooking (Minor) at 12:20

2nd period

1. Capitals , David Desharnais 24 (Ryan McDonagh, Taylor Hall) at 4:01
2. Senators , Tyler Seguin 36 (Drew Doughty, Jared Cowen) at 15:58
3. Senators , Patrick Marleau 13 (Tyler Seguin, Mark Stone) at 19:45

Penalties :
Connor Murphy (OTT) for Interference (Minor) at 0:10, Mike Green (WSH) for High sticking (Minor) at 10:11, Mike Green (WSH) for Interference (Minor) at 14:01, Patrick Marleau (OTT) for Holding (Minor) at 14:01, Paul Gaustad (OTT) for Slashing (Minor) at 16:29

3rd period

4. Senators , Mika Zibanejad 22 (Michael Stone, Jason Garrison) at 1:38
5. Senators , Mark Stone 32 (Tyler Seguin, Patrick Marleau) at 2:06
6. Senators , Milan Michalek 8 (Luke Schenn, Beau Bennett) at 10:24
7. Capitals , Ryan Kesler 32 (Mathieu Perreault) at 14:11
8. Capitals , Cody Eakin 9 (Ryan Kesler, Ben Chiarot) at 16:50

Penalties :
No Penalty

Goalie Stats

Tuukka Rask (OTT), 22 saves from 25 shots - (0.880), W, 25-12-4, 60:00 minutes
Joonas Korpisalo (WSH), 3 saves from 4 shots - (0.750), 17:54 minutes
Cam Ward (WSH), 12 saves from 16 shots - (0.750), L, 27-15-5, 42:06 minutes

Players Stats for Senators

Player Name              G  A  P  +/- PIM S  H  SB GA TA FO     MP     PP MP  PK MP  
------------------------------------------------------------------------------------
Anton Lander             0  0  0   0  0   0  0  0  0  0  5/9     5:27   0:37   1:25 
Beau Bennett             0  1  1  -1  0   1  2  0  0  0  0/1    17:05   0:00   2:25 
Connor Murphy            0  0  0   1  2   0  1  4  0  0  0/0    15:03   0:37   0:48 
Drew Doughty             0  1  1   1  0   0  0  2  0  0  0/0    23:01   2:52   1:39 
Drew Miller              0  0  0  -1  0   1  0  0  0  0  1/1    12:36   0:00   1:09 
Jared Cowen              0  1  1   1  0   0  5  1  0  0  0/0    14:04   3:43   2:27 
Jason Garrison           0  1  1   1  0   0  1  3  0  0  0/0    19:44   2:52   0:00 
Lauri Korpikoski         0  0  0   0  0   1  2  0  0  0  0/1    19:06   3:00   0:00 
Luke Schenn              0  1  1   0  0   0  2  0  0  0  0/0    14:05   0:00   0:00 
Marc Methot              0  0  0  -1  0   0  0  0  0  0  0/0    12:33   0:00   1:31 
Mark Stone               1  1  2   3  0   6  0  0  0  0  0/1    20:58   3:35   0:00 
Michael Stone            0  1  1   1  0   0  2  2  0  0  0/0    21:29   3:06   1:31 
Mika Zibanejad           1  0  1   0  0   3  5  0  0  0  14/27  20:49   2:58   0:39 
Mike Hoffman             0  0  0   0  0   4  0  0  0  0  0/1    20:12   3:00   0:00 
Milan Michalek           1  0  1   0  0   1  0  0  0  0  0/0     3:25   0:00   0:00 
Patrick Marleau          1  1  2   2  2   1  1  0  0  0  0/1    20:55   3:35   0:39 
Paul Gaustad             0  0  0  -1  2   0  0  0  0  0  4/10   13:05   0:00   1:39 
Tyler Seguin             1  2  3   3  0   2  1  0  0  0  13/31  20:23   3:00   0:00 

Players Stats for Capitals

Player Name              G  A  P  +/- PIM S  H  SB GA TA FO     MP     PP MP  PK MP  
------------------------------------------------------------------------------------
Alexander Ovechkin       0  0  0  -1  0   2  1  0  0  0  0/1    18:11   1:39   1:11 
Andrew Desjardins        0  0  0  -1  0   1  1  0  0  0  2/3    12:44   0:00   0:12 
Ben Chiarot              0  1  1   1  0   0  1  0  0  0  0/0    16:37   0:07   1:03 
Calvin de Haan           0  0  0  -2  0   1  1  1  0  0  0/0    17:54   1:39   2:38 
Cody Eakin               1  0  1   0  0   4  0  0  0  0  8/14    9:30   0:00   4:15 
David Desharnais         1  0  1   0  0   5  0  0  0  0  10/22  20:40   2:19   2:08 
Derek Dorsett            0  0  0  -1  0   1  1  0  0  0  2/3     8:38   1:39   1:05 
Dmitri Orlov             0  0  0  -2  0   0  1  1  0  0  0/0    22:32   2:12   3:11 
Jack Johnson             0  0  0   0  0   0  0  0  0  0  0/0     0:54   0:07   0:45 
Mathieu Perreault        0  1  1   0  0   2  0  0  0  0  2/2    16:27   1:39   0:00 
Matt Stajan              0  0  0  -1  0   1  0  0  0  0  7/11   12:32   0:00   0:00 
Mike Blunden             0  0  0  -1  0   0  1  0  0  0  0/1    12:32   0:00   0:00 
Mike Green               0  0  0  -1  6   0  3  0  0  0  0/0    16:07   0:00   0:00 
Morgan Rielly            0  0  0  -1  0   1  0  2  0  0  0/0    21:30   1:39   2:54 
Ryan Kesler              1  1  2   0  0   4  2  0  0  0  12/20  20:11   0:00   0:00 
Ryan McDonagh            0  1  1   1  2   0  0  1  0  0  0/0    24:22   2:12   2:38 
Taylor Hall              0  1  1   0  0   3  1  0  0  0  2/5    20:49   2:19   2:58 
Viktor Stalberg          0  0  0   0  2   0  6  1  0  0  1/1    17:50   2:19   0:00 

3 Stars

1 - Tyler Seguin (OTT)
2 - Mark Stone (OTT)
3 - Ryan Kesler (WSH)

Power Play

Senators - 0 on 4 Attempt(s) - 0.00%
Capitals - 0 on 2 Attempt(s) - 0.00%

Penalty Kill

Senators - 2 on 2 Attempt(s) - 100.00% - Score 0 goal in Penalty Kill
Capitals - 4 on 4 Attempt(s) - 100.00% - Score 0 goal in Penalty Kill

Team Stat

Senators - Hits : 22 - Faceoff Wins : 37 - Blocked Shots : 12 - Penalty Minutes : 6
Capitals - Hits : 19 - Faceoff Wins : 46 - Blocked Shots : 6 - Penalty Minutes : 10

Official

Referees : Brad Meier and Dan O'Halloran
Linesman : Devin Berg and Pierre Racicot

Game Notes

Joonas Korpisalo enters game at 2:06 of 3rd period
Connor Murphy is injured at 11:56 of 3rd period (Strained Left Elbow)

Finance

Level 1 -- Attendance: 2029 (31.22%) -- Ticket Income $507,250
Level 2 -- Attendance: 1511 (30.22%) -- Ticket Income $302,200
Level 3 -- Attendance: 797 (22.77%) -- Ticket Income $139,475
Level 4 -- Attendance: 599 (23.90%) -- Ticket Income $89,850
Luxury Box -- Attendance: 380 (38.00%) -- Ticket Income $152,000
Game was played at the Verizon Center.
Total Attendance: 5316 (28.73%)
Total Ticket Income: $1,190,775
Other Income: $178,616
Total Income: $1,369,391

% Time on Ice - Senators

Lines # - Real PCT - Wanted PCT - Time Play
Normal Forward
1 - 35% - 36% - 16:30
2 - 34% - 34% - 16:06
3 - 24% - 20% - 11:27
4 - 7% - 10% - 3:25
Normal Defense
1 - 37% - 36% - 17:37
2 - 33% - 34% - 15:46
3 - 23% - 20% - 10:50
4 - 7% - 10% - 3:15
PP Forward
1 - 54% - 50% - 3:35
2 - 46% - 50% - 3:00
PP Defense
1 - 44% - 50% - 2:52
2 - 56% - 50% - 3:43
PK Forward
1 - 23% - 50% - 0:54
2 - 77% - 50% - 3:04
PK Defense
1 - 38% - 50% - 1:31
2 - 62% - 50% - 2:27
PK3 Forward
1 - 0% - 50%
2 - 0% - 50%
PK3 Defense
1 - 0% - 50%
2 - 0% - 50%
44 Forward
1 - 45% - 52% - 0:53
2 - 55% - 48% - 1:06
44 Defense
1 - 45% - 52% - 0:53
2 - 55% - 48% - 1:06
Last Minute Offensive  - 0:00
Last Minute Defensive  - 0:00
Total
Forward - 60:00
Defense - 60:00

% Time on Ice - Capitals

Lines # - Real PCT - Wanted PCT - Time Play
Normal Forward
1 - 31% - 33% - 14:48
2 - 33% - 30% - 15:32
3 - 26% - 22% - 12:32
4 - 10% - 15% - 4:36
Normal Defense
1 - 33% - 33% - 15:27
2 - 34% - 26% - 16:10
3 - 26% - 26% - 12:25
4 - 7% - 15% - 3:26
PP Forward
1 - 58% - 60% - 2:19
2 - 42% - 40% - 1:39
PP Defense
1 - 55% - 60% - 2:12
2 - 45% - 40% - 1:46
PK Forward
1 - 79% - 60% - 4:09
2 - 21% - 40% - 1:05
PK Defense
1 - 63% - 60% - 3:17
2 - 37% - 40% - 1:57
PK3 Forward
1 - 78% - 60% - 1:03
2 - 22% - 40% - 0:18
PK3 Defense
1 - 78% - 60% - 1:03
2 - 22% - 40% - 0:18
44 Forward
1 - 67% - 60% - 1:20
2 - 33% - 40% - 0:39
44 Defense
1 - 33% - 60% - 0:39
2 - 67% - 40% - 1:20
Last Minute Offensive  - 0:00
Last Minute Defensive  - 0:00
Total
Forward - 60:00
Defense - 60:00

Play by Play

1st period


0:01 of 1st period - Ryan Kesler wins face-off versus Mark Stone in neutral zone.
0:17 of 1st period - Tyler Seguin is hit by Ben Chiarot and loses puck.
0:26 of 1st period - Shot by Mathieu Perreault.
0:26 of 1st period - Shot Blocked by Connor Murphy.
0:28 of 1st period - Shot by Mathieu Perreault.
0:28 of 1st period - Shot Blocked by Connor Murphy.
1:27 of 1st period - Shot by Taylor Hall.
1:27 of 1st period - Shot Misses the Net.
1:35 of 1st period - Shot by Taylor Hall.
1:35 of 1st period - Shot Blocked by Michael Stone.
1:37 of 1st period - Shot by Morgan Rielly.
1:37 of 1st period - Shot Blocked by Jason Garrison.
1:39 of 1st period - Shot by Morgan Rielly.
1:39 of 1st period - Stopped by Tuukka Rask without a rebound.
1:40 of 1st period - Matt Stajan wins face-off versus Paul Gaustad in Senators zone.
2:12 of 1st period - Off-side.
2:13 of 1st period - David Desharnais wins face-off versus Tyler Seguin in neutral zone.
2:23 of 1st period - Icing by David Desharnais.
2:24 of 1st period - Mika Zibanejad wins face-off versus David Desharnais in Capitals zone.
2:43 of 1st period - Shot by Mike Hoffman.
2:43 of 1st period - Stopped by Cam Ward without a rebound.
2:44 of 1st period - Anton Lander wins face-off versus Cody Eakin in Capitals zone.
3:15 of 1st period - Shot by Beau Bennett.
3:15 of 1st period - Stopped by Cam Ward without a rebound.
3:16 of 1st period - Mika Zibanejad wins face-off versus Matt Stajan in Capitals zone.
3:16 of 1st period - Mike Hoffman is hit by Mike Green.
3:22 of 1st period - Mike Green is hit by Lauri Korpikoski and loses puck.
3:45 of 1st period - Shot by Lauri Korpikoski.
3:45 of 1st period - Shot Misses the Net.
3:47 of 1st period - Shot by Jason Garrison.
3:47 of 1st period - Deflect By Mike Hoffman.
3:47 of 1st period - Shot Misses the Net.
3:57 of 1st period - Shot by Mike Hoffman.
3:57 of 1st period - Stopped by Cam Ward without a rebound.
3:58 of 1st period - David Desharnais wins face-off versus Tyler Seguin in Capitals zone.
4:35 of 1st period - Shot by Mark Stone.
4:35 of 1st period - Stopped by Cam Ward with a rebound.
4:41 of 1st period - Shot by Mark Stone.
4:41 of 1st period - Shot Misses the Net.
5:28 of 1st period - Icing by Marc Methot.
5:29 of 1st period - Andrew Desjardins wins face-off versus Paul Gaustad in Senators zone.
6:11 of 1st period - Icing by Luke Schenn.
6:12 of 1st period - Paul Gaustad wins face-off versus Cody Eakin in Senators zone.
6:22 of 1st period - Shot by Derek Dorsett.
6:22 of 1st period - Shot Misses the Net.
6:32 of 1st period - Shot by Cody Eakin.
6:32 of 1st period - Shot Misses the Net.
6:52 of 1st period - Shot by Ryan Kesler.
6:52 of 1st period - Shot Misses the Net.
6:54 of 1st period - Shot by Cody Eakin.
6:54 of 1st period - Deflect By Derek Dorsett.
6:54 of 1st period - Stopped by Tuukka Rask without a rebound.
6:55 of 1st period - David Desharnais wins face-off versus Mika Zibanejad in Senators zone.
7:41 of 1st period - Minor Penalty to Viktor Stalberg for Hooking.
7:42 of 1st period - Mika Zibanejad wins face-off versus Cody Eakin in Capitals zone.
9:18 of 1st period - Icing by Anton Lander.
9:19 of 1st period - Cody Eakin wins face-off versus Anton Lander in Senators zone.
9:22 of 1st period - Shot by Cody Eakin.
9:22 of 1st period - Shot Misses the Net.
9:30 of 1st period - Shot by Anton Lander.
9:30 of 1st period - Shot Blocked by Ryan McDonagh.
9:32 of 1st period - Shot by Jared Cowen.
9:32 of 1st period - Shot Misses the Net.
9:58 of 1st period - Shot by Ryan Kesler.
9:58 of 1st period - Shot Misses the Net.
10:06 of 1st period - Marc Methot is hit by Ryan Kesler and loses puck.
10:55 of 1st period - Icing by Ryan McDonagh.
10:56 of 1st period - Matt Stajan wins face-off versus Tyler Seguin in Capitals zone.
11:10 of 1st period - Off-side.
11:11 of 1st period - David Desharnais wins face-off versus Mika Zibanejad in neutral zone.
11:15 of 1st period - Calvin de Haan is hit by Jason Garrison and loses puck.
11:29 of 1st period - Icing by Michael Stone.
11:30 of 1st period - Ryan Kesler wins face-off versus Mika Zibanejad in Senators zone.
11:41 of 1st period - Shot by Mike Hoffman.
11:41 of 1st period - Deflect By Mika Zibanejad.
11:41 of 1st period - Shot Misses the Net.
11:42 of 1st period - Minor Penalty to Mike Green for Holding.
11:43 of 1st period - Cody Eakin wins face-off versus Mika Zibanejad in Capitals zone.
12:01 of 1st period - Icing by Jason Garrison.
12:02 of 1st period - Mika Zibanejad wins face-off versus Cody Eakin in Senators zone.
12:02 of 1st period - Mika Zibanejad is hit by Taylor Hall.
12:20 of 1st period - Minor Penalty to Ryan McDonagh for Hooking.
12:21 of 1st period - David Desharnais wins face-off versus Tyler Seguin in Capitals zone.
12:38 of 1st period - Shot by David Desharnais.
12:38 of 1st period - Stopped by Tuukka Rask without a rebound.
12:39 of 1st period - Mika Zibanejad wins face-off versus David Desharnais in Senators zone.
13:39 of 1st period - Off-side.
13:40 of 1st period - Tyler Seguin wins face-off versus David Desharnais in neutral zone.
13:51 of 1st period - Icing by Michael Stone.
13:52 of 1st period - Cody Eakin wins face-off versus Tyler Seguin in Senators zone.
14:36 of 1st period - Ryan Kesler is hit by Connor Murphy and loses puck.
15:26 of 1st period - Morgan Rielly is hit by Tyler Seguin and loses puck.
16:23 of 1st period - Calvin de Haan is hit by Mika Zibanejad and loses puck.
16:34 of 1st period - Icing by Jared Cowen.
16:35 of 1st period - Mika Zibanejad wins face-off versus Ryan Kesler in Senators zone.
16:56 of 1st period - Mathieu Perreault is hit by Jared Cowen and loses puck.
17:59 of 1st period - Shot by Taylor Hall.
17:59 of 1st period - Shot Misses the Net.
18:49 of 1st period - Shot by Mark Stone.
18:49 of 1st period - Stopped by Cam Ward without a rebound.
18:50 of 1st period - Cody Eakin wins face-off versus Anton Lander in Capitals zone.
19:07 of 1st period - Shot by Cody Eakin.
19:07 of 1st period - Stopped by Tuukka Rask with a rebound.
Goals for this period are 0 for Senators vs 0 for Capitals.
Shots for this period are 5 for Senators vs 4 for Capitals.

2nd period


0:01 of 2nd period - Ryan Kesler wins face-off versus Tyler Seguin in neutral zone.
0:10 of 2nd period - Shot by Ryan Kesler.
0:10 of 2nd period - Stopped by Tuukka Rask without a rebound.
0:10 of 2nd period - Minor Penalty to Connor Murphy for Interference.
0:11 of 2nd period - Anton Lander wins face-off versus Taylor Hall in Senators zone.
0:11 of 2nd period - Anton Lander is hit by Viktor Stalberg.
0:32 of 2nd period - Beau Bennett is hit by Viktor Stalberg and loses puck.
1:22 of 2nd period - Shot by Calvin de Haan.
1:22 of 2nd period - Shot Blocked by Jared Cowen.
2:08 of 2nd period - Shot by Taylor Hall.
2:08 of 2nd period - Stopped by Tuukka Rask without a rebound.
2:09 of 2nd period - Derek Dorsett wins face-off versus Anton Lander in Senators zone.
2:38 of 2nd period - Shot by Mark Stone.
2:38 of 2nd period - Stopped by Cam Ward without a rebound.
2:39 of 2nd period - Cody Eakin wins face-off versus Mika Zibanejad in Capitals zone.
2:50 of 2nd period - Shot by Cody Eakin.
2:50 of 2nd period - Stopped by Tuukka Rask without a rebound.
2:51 of 2nd period - Tyler Seguin wins face-off versus David Desharnais in Senators zone.
3:19 of 2nd period - Icing by Luke Schenn.
3:20 of 2nd period - Tyler Seguin wins face-off versus Ryan Kesler in Senators zone.
3:27 of 2nd period - Morgan Rielly is hit by Luke Schenn.
3:42 of 2nd period - Shot by Mark Stone.
3:42 of 2nd period - Stopped by Cam Ward without a rebound.
3:43 of 2nd period - Mika Zibanejad wins face-off versus David Desharnais in Capitals zone.
3:55 of 2nd period - Shot by Taylor Hall.
3:55 of 2nd period - Shot Blocked by Connor Murphy.
4:01 of 2nd period - Shot by David Desharnais.
4:01 of 2nd period - Goal by David Desharnais - Senators : 0 - Capitals : 1.
4:02 of 2nd period - Ryan Kesler wins face-off versus Paul Gaustad in neutral zone.
4:02 of 2nd period - Ryan Kesler is hit by Beau Bennett.
4:05 of 2nd period - Calvin de Haan is hit by Michael Stone and loses puck.
4:16 of 2nd period - Shot by Alexander Ovechkin.
4:16 of 2nd period - Shot Misses the Net.
4:22 of 2nd period - Shot by Mathieu Perreault.
4:22 of 2nd period - Stopped by Tuukka Rask without a rebound.
4:23 of 2nd period - David Desharnais wins face-off versus Tyler Seguin in Senators zone.
4:34 of 2nd period - Shot by Tyler Seguin.
4:34 of 2nd period - Stopped by Cam Ward without a rebound.
4:35 of 2nd period - Ryan Kesler wins face-off versus Mika Zibanejad in Capitals zone.
4:40 of 2nd period - Shot by Alexander Ovechkin.
4:40 of 2nd period - Shot Blocked by Jason Garrison.
5:04 of 2nd period - Shot by Alexander Ovechkin.
5:04 of 2nd period - Stopped by Tuukka Rask without a rebound.
5:05 of 2nd period - Taylor Hall wins face-off versus Tyler Seguin in Senators zone.
5:08 of 2nd period - Shot by David Desharnais.
5:08 of 2nd period - Shot Misses the Net.
5:10 of 2nd period - Shot by David Desharnais.
5:10 of 2nd period - Stopped by Tuukka Rask without a rebound.
5:11 of 2nd period - David Desharnais wins face-off versus Tyler Seguin in Senators zone.
6:15 of 2nd period - Shot by Alexander Ovechkin.
6:15 of 2nd period - Shot Misses the Net.
6:31 of 2nd period - Shot by Mike Hoffman.
6:31 of 2nd period - Deflect By Mika Zibanejad.
6:31 of 2nd period - Stopped by Cam Ward without a rebound.
6:32 of 2nd period - Matt Stajan wins face-off versus Paul Gaustad in Capitals zone.
7:24 of 2nd period - Off-side.
7:25 of 2nd period - Ryan Kesler wins face-off versus Tyler Seguin in neutral zone.
7:37 of 2nd period - Shot by Ryan Kesler.
7:37 of 2nd period - Stopped by Tuukka Rask with a rebound.
8:28 of 2nd period - Off-side.
8:29 of 2nd period - Anton Lander wins face-off versus David Desharnais in neutral zone.
8:40 of 2nd period - Jason Garrison is hit by Viktor Stalberg and loses puck.
8:47 of 2nd period - Shot by Taylor Hall.
8:47 of 2nd period - Stopped by Tuukka Rask without a rebound.
8:48 of 2nd period - Matt Stajan wins face-off versus Mika Zibanejad in Senators zone.
8:59 of 2nd period - Shot by Andrew Desjardins.
8:59 of 2nd period - Shot Misses the Net.
9:01 of 2nd period - Shot by Andrew Desjardins.
9:01 of 2nd period - Stopped by Tuukka Rask without a rebound.
9:02 of 2nd period - Tyler Seguin wins face-off versus David Desharnais in Senators zone.
9:06 of 2nd period - Icing by Mark Stone.
9:07 of 2nd period - Viktor Stalberg wins face-off versus Tyler Seguin in Senators zone.
9:37 of 2nd period - Mark Stone is hit by Viktor Stalberg.
10:10 of 2nd period - Icing by Mike Green.
10:11 of 2nd period - Paul Gaustad wins face-off versus David Desharnais in Capitals zone.
10:11 of 2nd period - Minor Penalty to Mike Green for High sticking.
10:12 of 2nd period - Cody Eakin wins face-off versus Tyler Seguin in Capitals zone.
10:27 of 2nd period - Shot by Cody Eakin.
10:27 of 2nd period - Stopped by Tuukka Rask with a rebound.
12:04 of 2nd period - Icing by Jared Cowen.
12:05 of 2nd period - Tyler Seguin wins face-off versus Andrew Desjardins in Senators zone.
12:26 of 2nd period - Shot by Ryan Kesler.
12:26 of 2nd period - Shot Misses the Net.
13:09 of 2nd period - Ryan McDonagh is hit by Mika Zibanejad and loses puck.
13:30 of 2nd period - Shot by Mike Hoffman.
13:30 of 2nd period - Stopped by Cam Ward with a rebound.
13:56 of 2nd period - Michael Stone is hit by Mike Blunden and loses puck.
14:01 of 2nd period - Minor Penalty to Mike Green for Interference.
14:01 of 2nd period - Minor Penalty to Patrick Marleau for Holding.
14:02 of 2nd period - Tyler Seguin wins face-off versus Derek Dorsett in Capitals zone.
14:13 of 2nd period - Tyler Seguin is hit by Dmitri Orlov.
14:32 of 2nd period - Icing by Morgan Rielly.
14:33 of 2nd period - Derek Dorsett wins face-off versus Mike Hoffman in Capitals zone.
14:33 of 2nd period - Ryan Kesler is hit by Mika Zibanejad.
14:37 of 2nd period - Mika Zibanejad is hit by Derek Dorsett and loses puck.
15:33 of 2nd period - Calvin de Haan is hit by Mika Zibanejad and loses puck.
15:50 of 2nd period - Shot by Alexander Ovechkin.
15:50 of 2nd period - Stopped by Tuukka Rask with a rebound.
15:58 of 2nd period - Shot by Tyler Seguin.
15:58 of 2nd period - Goal by Tyler Seguin - Senators : 1 - Capitals : 1.
15:59 of 2nd period - Tyler Seguin wins face-off versus David Desharnais in neutral zone.
16:29 of 2nd period - Minor Penalty to Paul Gaustad for Slashing.
16:30 of 2nd period - Anton Lander wins face-off versus Taylor Hall in Senators zone.
17:10 of 2nd period - Icing by Taylor Hall.
17:11 of 2nd period - Drew Miller wins face-off versus Taylor Hall in Capitals zone.
18:51 of 2nd period - Icing by Morgan Rielly.
18:52 of 2nd period - Andrew Desjardins wins face-off versus Mika Zibanejad in Capitals zone.
19:02 of 2nd period - Icing by Andrew Desjardins.
19:03 of 2nd period - Matt Stajan wins face-off versus Paul Gaustad in Capitals zone.
19:03 of 2nd period - Matt Stajan is hit by Beau Bennett.
19:26 of 2nd period - Off-side.
19:27 of 2nd period - Ryan Kesler wins face-off versus Mika Zibanejad in neutral zone.
19:30 of 2nd period - Michael Stone is hit by Alexander Ovechkin and loses puck.
19:35 of 2nd period - Shot by Ryan Kesler.
19:35 of 2nd period - Stopped by Tuukka Rask without a rebound.
19:36 of 2nd period - Ryan Kesler wins face-off versus Mika Zibanejad in Senators zone.
19:37 of 2nd period - Shot by Mathieu Perreault.
19:37 of 2nd period - Stopped by Tuukka Rask without a rebound.
19:38 of 2nd period - Mathieu Perreault wins face-off versus Tyler Seguin in Senators zone.
19:39 of 2nd period - Shot by Ryan Kesler.
19:39 of 2nd period - Deflect By Alexander Ovechkin.
19:39 of 2nd period - Shot Misses the Net.
19:45 of 2nd period - Shot by Tyler Seguin.
19:45 of 2nd period - Deflect By Patrick Marleau.
19:45 of 2nd period - Goal by Patrick Marleau - Senators : 2 - Capitals : 1.
19:46 of 2nd period - Ryan Kesler wins face-off versus Tyler Seguin in neutral zone.
19:49 of 2nd period - Shot by Ryan Kesler.
19:49 of 2nd period - Deflect By Alexander Ovechkin.
19:49 of 2nd period - Shot Misses the Net.
Goals for this period are 2 for Senators vs 1 for Capitals.
Shots for this period are 7 for Senators vs 14 for Capitals.

3rd period


0:01 of 3rd period - Taylor Hall wins face-off versus Tyler Seguin in neutral zone.
0:13 of 3rd period - Shot by Tyler Seguin.
0:13 of 3rd period - Shot Misses the Net.
0:17 of 3rd period - Shot by Mark Stone.
0:17 of 3rd period - Shot Misses the Net.
0:57 of 3rd period - Shot by Mike Hoffman.
0:57 of 3rd period - Stopped by Cam Ward without a rebound.
0:58 of 3rd period - Mika Zibanejad wins face-off versus Alexander Ovechkin in Capitals zone.
1:03 of 3rd period - Shot by Mika Zibanejad.
1:03 of 3rd period - Shot Hit the Post.
1:05 of 3rd period - Shot by Jason Garrison.
1:05 of 3rd period - Shot Misses the Net.
1:07 of 3rd period - Shot by Mika Zibanejad.
1:07 of 3rd period - Stopped by Cam Ward without a rebound.
1:08 of 3rd period - Cody Eakin wins face-off versus Mika Zibanejad in Capitals zone.
1:10 of 3rd period - Ryan Kesler is hit by Lauri Korpikoski and loses puck.
1:38 of 3rd period - Shot by Mika Zibanejad.
1:38 of 3rd period - Goal by Mika Zibanejad - Senators : 3 - Capitals : 1.
1:39 of 3rd period - Matt Stajan wins face-off versus Tyler Seguin in neutral zone.
2:06 of 3rd period - Shot by Mark Stone.
2:06 of 3rd period - Goal by Mark Stone - Senators : 4 - Capitals : 1.
2:06 of 3rd period - Joonas Korpisalo enters game.
2:07 of 3rd period - Mika Zibanejad wins face-off versus Ryan Kesler in neutral zone.
2:27 of 3rd period - Shot by Alexander Ovechkin.
2:27 of 3rd period - Shot Misses the Net.
2:37 of 3rd period - Ryan Kesler is hit by Mika Zibanejad and loses puck.
2:49 of 3rd period - Ryan Kesler is hit by Michael Stone and loses puck.
3:03 of 3rd period - Icing by Jason Garrison.
3:04 of 3rd period - Mika Zibanejad wins face-off versus David Desharnais in Senators zone.
3:04 of 3rd period - Mika Zibanejad is hit by Viktor Stalberg.
3:07 of 3rd period - Icing by Mike Hoffman.
3:08 of 3rd period - Mika Zibanejad wins face-off versus David Desharnais in Senators zone.
3:26 of 3rd period - Off-side.
3:27 of 3rd period - Tyler Seguin wins face-off versus Matt Stajan in neutral zone.
3:40 of 3rd period - Shot by Tyler Seguin.
3:40 of 3rd period - Shot Blocked by Morgan Rielly.
4:00 of 3rd period - Mike Green is hit by Patrick Marleau.
4:01 of 3rd period - Icing by Mike Green.
4:02 of 3rd period - Paul Gaustad wins face-off versus Matt Stajan in Capitals zone.
4:11 of 3rd period - Shot by Paul Gaustad.
4:11 of 3rd period - Deflect By Drew Miller.
4:11 of 3rd period - Stopped by Joonas Korpisalo without a rebound.
4:12 of 3rd period - Ryan Kesler wins face-off versus Mika Zibanejad in Capitals zone.
4:22 of 3rd period - Icing by Jason Garrison.
4:23 of 3rd period - David Desharnais wins face-off versus Lauri Korpikoski in Senators zone.
4:48 of 3rd period - Shot by David Desharnais.
4:48 of 3rd period - Stopped by Tuukka Rask without a rebound.
4:49 of 3rd period - Tyler Seguin wins face-off versus Ryan Kesler in Senators zone.
4:56 of 3rd period - Shot by Ryan Kesler.
4:56 of 3rd period - Shot Blocked by Drew Doughty.
5:23 of 3rd period - Shot by Tyler Seguin.
5:23 of 3rd period - Deflect By Mark Stone.
5:23 of 3rd period - Shot Misses the Net.
5:26 of 3rd period - Icing by Ben Chiarot.
5:27 of 3rd period - Mika Zibanejad wins face-off versus Ryan Kesler in Capitals zone.
5:52 of 3rd period - Shot by Taylor Hall.
5:52 of 3rd period - Shot Misses the Net.
5:54 of 3rd period - Shot by Calvin de Haan.
5:54 of 3rd period - Stopped by Tuukka Rask without a rebound.
5:55 of 3rd period - David Desharnais wins face-off versus Paul Gaustad in Senators zone.
6:09 of 3rd period - Viktor Stalberg is hit by Luke Schenn and loses puck.
7:05 of 3rd period - Shot by Mark Stone.
7:05 of 3rd period - Stopped by Joonas Korpisalo without a rebound.
7:06 of 3rd period - Mika Zibanejad wins face-off versus Cody Eakin in Capitals zone.
7:29 of 3rd period - Shot by Mike Hoffman.
7:29 of 3rd period - Shot Misses the Net.
7:31 of 3rd period - Shot by Mika Zibanejad.
7:31 of 3rd period - Shot Misses the Net.
7:35 of 3rd period - Shot by Lauri Korpikoski.
7:35 of 3rd period - Stopped by Joonas Korpisalo without a rebound.
7:36 of 3rd period - Matt Stajan wins face-off versus Tyler Seguin in Capitals zone.
7:43 of 3rd period - Connor Murphy is hit by Andrew Desjardins and loses puck.
7:53 of 3rd period - Icing by Drew Doughty.
7:54 of 3rd period - Tyler Seguin wins face-off versus Ryan Kesler in Senators zone.
8:17 of 3rd period - Shot by Alexander Ovechkin.
8:17 of 3rd period - Shot Misses the Net.
8:33 of 3rd period - Shot by Mathieu Perreault.
8:33 of 3rd period - Shot Misses the Net.
8:37 of 3rd period - Shot by Ryan Kesler.
8:37 of 3rd period - Shot Misses the Net.
8:48 of 3rd period - Icing by Connor Murphy.
8:49 of 3rd period - David Desharnais wins face-off versus Patrick Marleau in Senators zone.
9:55 of 3rd period - Lauri Korpikoski is hit by Calvin de Haan and loses puck.
10:18 of 3rd period - Shot by Beau Bennett.
10:18 of 3rd period - Shot Blocked by Viktor Stalberg.
10:20 of 3rd period - Shot by Luke Schenn.
10:20 of 3rd period - Shot Blocked by Calvin de Haan.
10:24 of 3rd period - Shot by Milan Michalek.
10:24 of 3rd period - Goal by Milan Michalek - Senators : 5 - Capitals : 1.
10:25 of 3rd period - Paul Gaustad wins face-off versus Ryan Kesler in neutral zone.
10:25 of 3rd period - Paul Gaustad is hit by Ryan Kesler.
11:28 of 3rd period - Off-side.
11:29 of 3rd period - Mika Zibanejad wins face-off versus Matt Stajan in neutral zone.
11:48 of 3rd period - Shot by Matt Stajan.
11:48 of 3rd period - Stopped by Tuukka Rask without a rebound.
11:49 of 3rd period - Cody Eakin wins face-off versus Tyler Seguin in Senators zone.
11:56 of 3rd period - Shot by Ryan Kesler.
11:56 of 3rd period - Deflect By Derek Dorsett.
11:56 of 3rd period - Shot Blocked by Connor Murphy.
11:56 of 3rd period - Connor Murphy from Senators is injured at 11:56 of 3rd period (Strained Left Elbow).
11:57 of 3rd period - Tyler Seguin wins face-off versus Cody Eakin in Senators zone.
12:24 of 3rd period - Shot by Mark Stone.
12:24 of 3rd period - Shot Blocked by Morgan Rielly.
12:38 of 3rd period - Icing by Mark Stone.
12:39 of 3rd period - Tyler Seguin wins face-off versus David Desharnais in Senators zone.
13:09 of 3rd period - Shot by Mike Hoffman.
13:09 of 3rd period - Shot Misses the Net.
13:11 of 3rd period - Shot by Lauri Korpikoski.
13:11 of 3rd period - Shot Blocked by Dmitri Orlov.
14:07 of 3rd period - Icing by Marc Methot.
14:08 of 3rd period - Mathieu Perreault wins face-off versus Anton Lander in Senators zone.
14:11 of 3rd period - Shot by Ryan Kesler.
14:11 of 3rd period - Goal by Ryan Kesler - Senators : 5 - Capitals : 2.
14:12 of 3rd period - Ryan Kesler wins face-off versus Beau Bennett in neutral zone.
14:39 of 3rd period - Alexander Ovechkin is hit by Jared Cowen and loses puck.
14:54 of 3rd period - Shot by Alexander Ovechkin.
14:54 of 3rd period - Shot Blocked by Drew Doughty.
15:08 of 3rd period - Shot by Taylor Hall.
15:08 of 3rd period - Shot Misses the Net.
15:11 of 3rd period - Viktor Stalberg is hit by Jared Cowen and loses puck.
15:17 of 3rd period - Taylor Hall is hit by Jared Cowen and loses puck.
15:41 of 3rd period - Taylor Hall is hit by Jared Cowen and loses puck.
16:04 of 3rd period - Shot by Mike Blunden.
16:04 of 3rd period - Shot Misses the Net.
16:17 of 3rd period - Drew Miller is hit by Mike Green and loses puck.
16:50 of 3rd period - Shot by Cody Eakin.
16:50 of 3rd period - Goal by Cody Eakin - Senators : 5 - Capitals : 3.
16:51 of 3rd period - Ryan Kesler wins face-off versus Mika Zibanejad in neutral zone.
17:06 of 3rd period - Shot by Mathieu Perreault.
17:06 of 3rd period - Deflect By Alexander Ovechkin.
17:06 of 3rd period - Shot Misses the Net.
17:08 of 3rd period - Shot by Dmitri Orlov.
17:08 of 3rd period - Shot Blocked by Jason Garrison.
17:10 of 3rd period - Shot by Dmitri Orlov.
17:10 of 3rd period - Shot Blocked by Michael Stone.
17:41 of 3rd period - Shot by David Desharnais.
17:41 of 3rd period - Stopped by Tuukka Rask with a rebound.
17:43 of 3rd period - Shot by Viktor Stalberg.
17:43 of 3rd period - Shot Misses the Net.
17:45 of 3rd period - Shot by Taylor Hall.
17:45 of 3rd period - Stopped by Tuukka Rask without a rebound.
17:46 of 3rd period - Tyler Seguin wins face-off versus Mike Blunden in Senators zone.
17:58 of 3rd period - Patrick Marleau is hit by Mike Green and loses puck.
19:06 of 3rd period - Jason Garrison is hit by Viktor Stalberg and loses puck.
19:47 of 3rd period - Off-side.
19:48 of 3rd period - Anton Lander wins face-off versus Ryan Kesler in neutral zone.
Goals for this period are 3 for Senators vs 2 for Capitals.
Shots for this period are 8 for Senators vs 7 for Capitals.